 Dungeon Crawl Stone Soup version bcrawl-1.21 (webtiles) character file.

Game seed: 634128008883067244

3927 Foic the Grappler (level 10, -2/92 HPs)
             Began as a Troll Martial Artist on Feb 14, 2020.
             Was an Elder of Wu Jian.
             Slain by a bullfrog (10 damage)
             ... on level 1 of the Lair of Beasts.
             The game lasted 00:24:14 (6000 turns).

Foic the Grappler (Troll Martial Artist)            Turns: 6000, Time: 00:24:15

Health: -2/92      AC:  9    Str: 24    XL:     10   Next: 1%
Magic:  10/10      EV: 12    Int:  6    God:    Wu Jian [****..]
Gold:   382        SH:  0    Dex: 11    Spells: 10/11 levels left

rFire    x . .     SeeInvis .     - Unarmed
rCold    + . .     Gourm    +   (no shield)
rNeg     . . .     Faith    .   (armour unavailable)
rPois    .         Spirit   .   i - +0 hat
rElec    .         Reflect  .   (no cloak)
rCorr    .         Harm     .   (gloves unavailable)
MR       .....                  (boots unavailable)
Stlth    +.........             q - amulet of magic regeneration
HPRegen  0.65/turn              p - ring of ice
MPRegen  0.37/turn              (no ring)

@: lethally poisoned (-2 -> -4)
A: large, almost no armour, unfitting armour, claws 3, clumsy 1, fast metabolism
3, gourmand, regeneration 1, shaggy fur 1, AC +8
a: Wall Jump, Serpent's Lash, Heavenly Storm, Renounce Religion


You were on level 1 of the Lair of Beasts.
You worshipped Wu Jian.
Wu Jian was greatly pleased with you.
You were full.

You visited 2 branches of the dungeon, and saw 8 of its levels.

You collected 382 gold pieces.

Inventory:

Hand Weapons
 s - a +2 dire flail of venom
 u - a +3 spear of freezing
Missiles
 d - 1838 stones (quivered)
 f - 967 sling bullets
Armour
 i - a +0 hat (worn)
Jewellery
 p - a ring of ice (left claw)
 q - an amulet of magic regeneration (around neck)
Wands
 o - a wand of enslavement (12)
 r - a wand of acid (4)
Scrolls
 a - 4 scrolls of teleportation {unknown}
 b - a scroll of fear {unknown}
 g - a scroll of torment {unknown}
 h - 2 scrolls of enchant weapon {unknown}
 j - 5 scrolls of identify
 k - 2 scrolls of fog {unknown}
 l - 3 scrolls of remove curse
 n - a scroll of amnesia {unknown}
Potions
 c - 5 potions of curing
 t - a potion of heal wounds {unknown}
Comestibles
 e - 16 rations {!d}


   Skills:
 + Level 4.0 Fighting
 + Level 5.8 Dodging
 - Level 0.4 Stealth
 + Level 12.6 Unarmed Combat
 - Level 1.0 Spellcasting
 + Level 1.0 Hexes


You had 10 spell levels left.
You knew the following spells:

 Your Spells              Type           Power        Failure   Level  Hunger
a - Confusing Touch       Hex            #.......     30%         1    ##.....
Your spell library was empty.

Dungeon Overview and Level Annotations

Branches:
Dungeon (7/12)               Lair (1/6) D:7
 Temple: D:4-7

Altars:
Gozag
Lugonu
Ru
Wu Jian
Xom

Shops:
D:7 (


Innate Abilities, Weirdness & Mutations

You cannot wear most types of armour.
Your thick skin is tough. (AC +8)
You are too large for most types of armour.
You have claws for hands.
Your metabolism is lightning-fast.
You like to eat raw meat.
Your natural rate of healing is unusually fast.
You are clumsy. (Dex -2)
You are covered in fur. (AC +1)


Message History

You spin and attack the wolf.
You miss the wolf.
The wolf is almost dead.
You feel sick. The wolf closely misses you. The wolf misses you.
The wolf bites you.
The wolf howls!
You feel sick. The wolf bites you.
* * * LOW HITPOINT WARNING * * *
A bullfrog comes into view.
You feel sick.
The bullfrog gives a loud, deep croak!
The wolf barely misses you.
You feel sick. The wolf bites you!
* * * LOW HITPOINT WARNING * * *
You feel sick.
You claw the bullfrog! Your claw misses the bullfrog.
The bullfrog is heavily wounded.
You feel sick. The wolf misses you. The bullfrog closely misses you.
The wolf closely misses you.
You feel sick. The bullfrog hits you!
You die...

.######..........
.................
##..#..#..P.#...P## .
.....................
#..............#.#..(
........†............
###........#......#
#.......h##.....###.
..........hhh@.!...... ..
.P#.#.#.####F####.#.##....
# ##..######.###...#.#....
........................
##..P###.........##......
..............>.........
###.#.#.#..#P........
....................
##.#...#.####..#.###


You could see a bullfrog and 4 wolves.

Vanquished Creatures
  A rime drake (Lair:1)
  2 hippogriffs
  A yak (D:6)
  2 hungry ghosts (D:7)
  A steam dragon (D:6)
  Edmund (D:6)
  Duvessa (D:6)
  A water moccasin (Lair:1)
  An ice beast (D:5)
  An orc warrior (D:5)
  A sky beast (D:5)
  A phantom (D:3)
  9 ogres
  3 bullfrogs
  Dowan (D:6)
  A scorpion (D:5)
  A water moccasin skeleton (D:4)
  A wight (D:7)
  A howler monkey (D:7)
  4 crimson imps
  A hound (D:4)
  2 orc priests (D:6)
  3 jellies
  2 bullfrog skeletons (D:6)
  2 iguanas (D:2)
  Jessica (D:3)
  7 orc wizards (D:6)
  2 worker ants
  A hound skeleton (D:4)
  4 gnolls (D:4)
  A howler monkey skeleton (D:5)
  4 adders
  A shadow imp (D:5)
  2 oozes (D:4)
  An adder zombie (D:5)
  An adder skeleton (D:4)
  3 worms
  A dart slug (D:3)
  2 leopard geckos (D:2)
  22 orcs
  4 giant cockroaches
  7 hobgoblins
  7 jackals
  3 quokkas
  5 bats
  5 frilled lizards
  2 goblins (D:3)
  A jackal zombie (D:6)
  5 kobolds
  8 rats
145 creatures vanquished.

Notes
Turn   | Place    | Note
-------+----------+-------------------------------------------
     0 | D:1      | Foic the Troll Martial Artist began the quest for the Orb.
     0 | D:1      | Reached XP level 1. HP: 22/22 MP: 1/1
   165 | D:1      | Reached XP level 2. HP: 28/29 MP: 2/2
  1061 | D:2      | Reached XP level 3. HP: 7/36 MP: 3/3
  1672 | D:2      | Reached ** piety under Wu Jian
  1672 | D:2      | Reached skill level 5 in Unarmed Combat
  1795 | D:2      | Gained mutation: Your natural rate of healing is unusually
                  | fast. [Troll growth]
  1795 | D:2      | Reached XP level 4. HP: 44/44 MP: 4/4
  2458 | D:3      | Noticed Jessica
  2461 | D:3      | Killed Jessica
  2461 | D:3      | Reached XP level 5. HP: 52/52 MP: 5/5
  2734 | D:3      | Noticed a phantom
  2751 | D:3      | Killed a phantom
  2751 | D:3      | Reached skill level 6 in Unarmed Combat
  2751 | D:3      | Reached XP level 6. HP: 44/59 MP: 6/6
  2990 | D:4      | Found a sacrificial altar of Ru.
  3021 | D:4      | Reached skill level 7 in Unarmed Combat
  3117 | D:4      | Reached XP level 7. HP: 65/67 MP: 7/7
  3272 | D:4      | Found a shimmering altar of Xom.
  3272 | D:4      | Found a corrupted altar of Lugonu.
  3273 | D:4      | Found an opulent altar of Gozag.
  3485 | D:4      | Reached skill level 8 in Unarmed Combat
  3498 | D:4      | Reached *** piety under Wu Jian
  3798 | D:5      | Entered Level 5 of the Dungeon
  4113 | D:5      | Reached XP level 8. HP: 60/75 MP: 8/8
  4135 | D:5      | Reached skill level 9 in Unarmed Combat
  4186 | D:5      | Gained mutation: You have an increased reservoir of magic.
                  | (+10% MP) [potion of mutation]
  4186 | D:5      | Lost mutation: You have an increased reservoir of magic.
                  | (+10% MP) [potion of mutation]
  4186 | D:5      | Gained mutation: You are clumsy. (Dex -2) [potion of
                  | mutation]
  4186 | D:5      | Gained mutation: You are covered in fur. (AC +1) [potion of
                  | mutation]
  4868 | D:6      | Noticed Duvessa
  4869 | D:6      | Noticed Dowan
  4880 | D:6      | Killed Duvessa
  4880 | D:6      | Reached skill level 10 in Unarmed Combat
  4893 | D:6      | Killed Dowan
  4920 | D:6      | Reached XP level 9. HP: 44/84 MP: 9/9
  5202 | D:6      | Noticed Edmund
  5209 | D:6      | Killed Edmund
  5209 | D:6      | Reached skill level 11 in Unarmed Combat
  5282 | D:6      | Found an ornate altar of the Wu Jian Council.
  5320 | D:6      | Reached skill level 5 in Dodging
  5379 | D:6      | Reached **** piety under Wu Jian
  5754 | D:7      | Found Aneotomu's Antique Weapon Shoppe.
  5823 | D:7      | Found a staircase to the Lair.
  5857 | D:7      | Reached skill level 12 in Unarmed Combat
  5955 | Lair:1   | Entered Level 1 of the Lair of Beasts
  5978 | Lair:1   | Noticed a rime drake
  5987 | Lair:1   | Killed a rime drake
  5990 | Lair:1   | Reached XP level 10. HP: 54/92 MP: 10/10
  6000 | Lair:1   | Slain by a bullfrog

Skill      XL: |  1  2  3  4  5  6  7  8  9 |
---------------+----------------------------+-----
Unarmed Combat | 5 6 7 8 10 12 | 12.6
Dodging        | 3 4 5 |  5.8
Fighting       | 3 4 |  4.0
Stealth        | |  0.4
Spellcasting   | |  1.0
Hexes          | |  1.0

Action                   |  1- 3 |  4- 6 |  7- 9 | 10-12 || total
-------------------------+-------+-------+-------+-------++-------
Melee: Unarmed           |    86 |    97 |   268 |     9 ||   460
       Punch             |       |     1 |    15 |     1 ||    17
Invok: Lunge             |    17 |    16 |    28 |     1 ||    62
       Whirlwind         |     2 |    13 |    87 |     4 ||   106
 Abil: Wall Jump         |     3 |       |     2 |       ||     5
       Serpent's Lash    |       |     2 |       |       ||     2
  Use: Scroll            |       |     4 |     1 |       ||     5
       Potion            |       |       |     7 |       ||     7
 Stab: Sleeping          |       |     4 |     1 |       ||     5
  Eat: Chunk             |    16 |     9 |    27 |       ||    52
Armor: Skin              |    15 |    17 |    48 |     2 ||    82
Dodge: Dodged            |    35 |    26 |    92 |    10 ||   163
